 Dungeon Crawl Stone Soup version 0.27.1-2-g3b301248ec (webtiles) character file.

Game seed: 4342914525868057255

25 spiderapocalypse the Ruffian (level 2, -4/23 HPs)
             Began as a Draconian Transmuter on Sept 25, 2021.
             Slain by a gnoll (6 damage)
             ... on level 2 of the Dungeon.
             The game lasted 00:08:30 (668 turns).

spiderapocalypse the Ruffian (Draconian Transmuter)  Turns: 668, Time: 00:08:31

Health: -4/23      AC:  4    Str: 12    XL:     2   Next: 86%
Magic:  3/5        EV: 12    Int: 13    God:
Gold:   19         SH:  0    Dex: 11    Spells: 2/5 levels left

rFire    . . .     SeeInvis .     - Unarmed
rCold    . . .     Faith    .   (no shield)
rNeg     . . .     Spirit   .   (armour unavailable)
rPois    .         Reflect  .   (helmet currently unavailable)
rElec    .         Harm     .   (no cloak)
rCorr    .         Rampage  .   (no gloves)
Will     .....                  (boots currently unavailable)
Stlth    +.........             (no amulet)
HPRegen  0.07/turn              (no ring)
MPRegen  0.09/turn              (no ring)

@: appendages (expiring), wereblooded
A: horns 2, talons 2, AC +4, unfitting armour, cold-blooded
a: End Transformation


You were on level 2 of the Dungeon.
You had temporarily grown beastly horns and talons.
You visited 1 branch of the dungeon, and saw 2 of its levels.

You collected 19 gold pieces.

Inventory:

Hand Weapons
 d - a +0 dagger
 g - a +0 short sword
 k - a +0 flail
Missiles
 a - 27 stones
 b - 50 sling bullets
 j - 21 arrows
Armour
 l - a +0 chain mail
Scrolls
 c - a scroll of blinking {unknown}
 f - a scroll of identify {unknown}
 h - a scroll of fear {unknown}
Potions
 e - a potion of haste {unknown}
 i - a potion of attraction {unknown}


   Skills:
 + Level 1.1 Fighting
 + Level 0.5 Short Blades
 + Level 2.2 Dodging
 + Level 3.1 Unarmed Combat
 + Level 2.4 Spellcasting
 + Level 2.2 Transmutations


You had 2 spell levels left.
You knew the following spells:

 Your Spells              Type           Power      Damage    Failure   Level
a - Beastly Appendage     Tmut           14%        N/A       10%         1
b - Wereblood             Tmut           7%         N/A       14%         2

Your spell library contained the following spells:

 Spells                   Type           Power      Damage    Failure   Level
 Spider Form              Tmut/Pois      2%         N/A       43%         3
 Ice Form                 Ice/Tmut       4%         N/A       83%         4


Dungeon Overview and Level Annotations

Branches:
Dungeon (2/15)

Altars:

Annotations:
D:2 Terence


Innate Abilities, Weirdness & Mutations

You have temporarily grown beastly horns and talons.
Your plain brown scales are hard. (AC +4)
You cannot fit into any form of body armour.
You are cold-blooded and may be slowed by cold attacks.


Message History

A kobold comes into view.
It is wielding a +2 dagger of electrocution.
The kobold shouts!
You hear a shout! x4 2 gnolls and Terence come into view.
Terence is wielding a +0 mace and carrying a wand of flame (8).
The gnoll shouts!
There is an open door here.
Casting: Beastly Appendage (safe; 10% risk of failure)
Confirm with . or Enter, or press ? or * to list all spells.
You grow a pair of large bovine horns.
Your feet morph into talons.
Casting: Beastly Appendage (safe; 10% risk of failure)
Confirm with . or Enter, or press ? or * to list all spells.
Your blood is infused with primal strength.
The kobold barely misses you.
You closely miss the kobold. The kobold barely misses you.
You hit the kobold.
You kill the kobold!
You hit Terence but do no damage. You claw Terence, but do no damage.
You tail-slap Terence, but do no damage.
Terence misses you.
Okay, then.
You hit Terence but do no damage.
You howl as the wereblood boils in your veins!
The gnoll hits you with a +0 whip. Terence hits you with a +0 mace.
You hit Terence but do no damage. You headbutt Terence.
Terence is lightly wounded.
Your transformation is almost over.
The gnoll hits you with a +0 whip! Terence misses you.
You closely miss Terence. You punch Terence, but do no damage.
Terence is lightly wounded.
You howl as the wereblood boils in your veins!
The gnoll hits you with a +0 whip!
* * * LOW HITPOINT WARNING * * *
Terence hits you with a +0 mace.
* * * LOW HITPOINT WARNING * * *
A rat comes into view.
The gnoll hits you with a +0 whip.
* * * LOW HITPOINT WARNING * * *
As you open the door, it creaks loudly! The gnoll hits you with a +0 whip.
You die...

##'#### #.....# ########)....#
##............# #......r......#
#### #.........##### ...#
#...@.....+ ...# #..gg.....# ...#
#### #.#@######...
...##...######'#'#### #.##
#####...............#....
#..#..#.........#.#.#. ..
#...#..#..........# # ..
#....#..........###.# ..
#####..#..#.............########.
....†...#..#.....................
#####....#..........######.......


You could see Terence, 2 gnolls and a rat.

Vanquished Creatures
  An adder (D:2)
  A dart slug (D:2)
  A bat (D:1)
  An endoplasm (D:1)
  A goblin (D:1)
  3 kobolds
  A quokka (D:2)
  2 ball pythons (D:1)
  3 rats (D:1)
14 creatures vanquished.

Notes
Turn   | Place    | Note
-------+----------+-------------------------------------------
     0 | D:1      | spiderapocalypse the Draconian Transmuter began the quest
                  | for the Orb.
     0 | D:1      | Reached XP level 1. HP: 16/16 MP: 3/3
   140 | D:1      | Reached XP level 2. HP: 21/23 MP: 5/5
   593 | D:2      | Learned a level 2 spell: Wereblood
   650 | D:2      | Noticed Terence
   668 | D:2      | Slain by a gnoll

Illustrated notes

Levels and vault maps discovered:
D:1:      psy_arrival_dodecagon, layout_basic, chequers_ecumenical_altar_island
D:2:      layout_basic, minmay_misc_feat_diagonals, uniq_terence

Skill      XL: |  1 |
---------------+----+-----
Dodging        | 2 |  2.2
Fighting       | |  1.1
Short Blades   | |  0.5
Unarmed Combat | |  3.1
Spellcasting   | |  2.4
Transmutations | |  2.2

Action                   || total
-------------------------++-------
Melee: Short sword       ||    10
       Kick              ||     8
       Unarmed           ||    33
       Headbutt          ||     3
       Tailslap          ||     6
       Punch             ||     1
 Cast: Beastly Appendage ||     6
       Wereblood         ||     3
Armor: Skin              ||     8
Dodge: Dodged            ||    30
